 Dungeon Crawl Stone Soup version 0.19.1-1-g22dce08 (webtiles) character file.

3455 Colliwobble the Spear-Bearer (level 9, -3/76 HPs)
             Began as a Minotaur Fighter on Dec 31, 2016.
             Was a Follower of Hepliaklqana.
             Killed from afar by an efreet (16 damage)
             ... with a fireball
             ... on level 8 of the Dungeon.
             The game lasted 00:15:57 (7145 turns).

Colliwobble the Spear-Bearer (Minotaur Fighter)     Turns: 7145, Time: 00:15:59

Health: -3/76      AC: 11    Str: 24    XL:     9   Next: 78%
Magic:  0/0        EV:  9    Int:  5    God:    Hepliaklqana [*.....]
Gold:   292        SH:  0    Dex: 10    Spells: 0 memorised, 8 levels left

rFire  . . .     SeeInvis +     H - +0 lajatang
rCold  . . .     Gourm    .     b - +0 scale mail
rNeg   . . .     Faith    .     (shield currently unavailable)
rPois  +         Spirit   .     (helmet restricted)
rElec  +         Reflect  .     i - +2 cloak
rCorr  +         Harm     .     (no gloves)
MR     ++...                    E - +0 pair of boots
Stlth  ..........               (no amulet)
                                u - ring "Qiut" {rCorr rElec MR++ MP-9 SInv}
                                m - ring of poison resistance

@: lethally poisoned (-3 -> -4)
A: retaliatory headbutt, reduced essence, horns 2
a: Recall Ancestor, Ancestor Identity, Renounce Religion


You were on level 8 of the Dungeon.
You worshipped Hepliaklqana.
Hepliaklqana was aware of your devotion.
You were not hungry.

You visited 2 branches of the dungeon, and saw 9 of its levels.
You also visited: Bailey.

You collected 292 gold pieces.

Inventory:

Hand Weapons
 C - a +0 halberd
 H - a +0 lajatang (weapon)
Missiles
 l - 44 sling bullets
 o - 4 throwing nets (quivered)
Armour
 b - a +0 scale mail (worn)
 i - a +2 cloak (worn)
 E - a +0 pair of boots (worn)
Jewellery
 m - a ring of poison resistance (left hand)
 q - a +3 ring of dexterity
 u - the ring "Qiut" (right hand) {rCorr rElec MR++ MP-9 SInv}
   (You found it on level 4 of the Dungeon)

   [ring of resist corrosion]

   It insulates you from electricity.
   It affects your resistance to hostile enchantments.
   It affects your magic capacity (-9).
   It lets you see invisible.
 w - an uncursed ring of teleportation
Wands
 a - a wand of acid (3/15)
 r - a wand of acid (7/15)
 D - a wand of random effects (24/48)
Scrolls
 j - 4 scrolls of remove curse
 n - 2 scrolls of teleportation
 p - a scroll of random uselessness {unknown}
 v - 2 scrolls of magic mapping
 y - 2 scrolls of identify
 z - a scroll of fear {unknown}
Potions
 d - 2 potions of might
 e - a potion of mutation
 g - a potion of resistance
 h - 3 potions of lignification
 s - a potion of invisibility {unknown}
 t - a potion of heal wounds
 x - a potion of flight
 B - a potion of degeneration {unknown}
 F - 3 potions of curing
Comestibles
 c - 11 chunks of flesh
 f - 4 bread rations
 k - 4 beef jerkies
 A - 13 fruits
 G - a meat ration


   Skills:
 + Level 10.1 Fighting
 - Level 13.2(13.3) Polearms
 + Level 2.5(9.1) Staves
 - Level 3.6 Armour
   Level 3.6 Shields


You had 8 spell levels left.
You didn't know any spells.

Dungeon Overview and Level Annotations

Branches:
Dungeon (8/15)             Temple (1/1) D:6
   Lair: D:8-11

Altars:
Ashenzari
Cheibriados
Dithmenos
Elyvilon
Fedhas
Gozag
Hepliaklqana
Kikubaaqudgha
Makhleb
Nemelex Xobeh
Okawaru
Qazlal
Ru
Sif Muna
Trog
Uskayaw
Vehumet
Xom
Yredelemnul
The Shining One


Innate Abilities, Weirdness & Mutations

You reflexively headbutt those who attack you in melee.
You have a pair of horns on your head.
Your life essence is reduced. (-10% HP)


Message History

You slash the scorpion!
The scorpion is almost dead.
You feel sick. The scorpion stings you.
Septimus hits the scorpion!
The scorpion dies!
No target in view!
You see here a scorpion corpse.
You feel sick.
An efreet and an unseen horror come into view.
The efreet is wielding a scimitar of flaming.
You feel sick. The unseen horror hits you. The efreet gestures at you.
The bolt of fire hits you!
* * * LOW HITPOINT WARNING * * *
You slash the unseen horror!
The unseen horror is moderately wounded.
The unseen horror barely misses you. You furiously retaliate!
You headbutt the unseen horror! The efreet gestures at you.
The fireball explodes!
The fireball engulfs you!
You die...

##.# #.. ###..# ...
####...## ... #.......# #..
####''#### ### ##....†...##
#..........##
#........R...## ########
#.........@....# ##.......
................# #........
..........x......##........
.................##.≈≈≈≈≈≈≈
......♣..♣.......##.≈#####≈
......R♣♣........# #...#≈
...§ ........# #.∩..≈ ..
♣.......# #...#≈ #####≈


You could see the friendly Septimus the ancestor, an efreet and an unseen horror
(invisible).

Vanquished Creatures
  The ghost of cheese the Cleaver, a novice MiBe of Trog (D:7)
  The ghost of cheese the Reanimator, a novice DsNe (D:4)
  The ghost of graemelion the Digger, a novice GrEE (D:6)
  An ice beast (D:8)
  A black bear (D:7)
  A phantom (D:5)
  2 centaurs
  4 ogres
  A water moccasin zombie (D:7)
  A scorpion (D:4)
  3 killer bees (D:7)
  3 wights (D:7)
  6 howler monkeys
  2 crimson imps (D:5)
  A hound (D:6)
  A jelly (D:6)
  A quasit (D:6)
  4 orc priests
  A gnoll shaman (D:3)
  4 orc wizards
  Terence (D:3)
  An iguana (D:5)
  2 worker ants
  A hound zombie (D:6)
  4 hound skeletons
  A worker ant zombie (D:6)
  15 gnolls
  3 adders
  2 shadow imps
  An adder zombie (D:7)
  A worm (D:3)
  2 dart slugs
  20 orcs
  3 giant cockroaches
  7 goblins
  6 hobgoblins
  4 jackals
  7 kobolds
  A quokka (D:7)
  A bat (D:2)
  4 frilled lizards
  A leopard gecko zombie (D:7)
  A quokka zombie (D:5)
  9 rats
138 creatures vanquished.

Vanquished Creatures (collateral kills)
  An ice beast (D:7)
  A centaur (D:8)
  A scorpion (D:8)
  An orc wizard (D:6)
  An orc (D:6)
  A goblin (D:8)
  A quokka (D:7)
7 creatures vanquished.

Vanquished Creatures (others)
  4 ancestors
  A goblin (D:8)
5 creatures vanquished.

Grand Total: 150 creatures vanquished

Notes
Turn   | Place    | Note
-------+----------+-------------------------------------------
     0 | D:1      | Colliwobble the Minotaur Fighter began the quest for the Orb.
     0 | D:1      | Reached XP level 1. HP: 19/19 MP: 0/0
   147 | D:1      | Reached skill level 3 in Polearms
   183 | D:1      | Reached XP level 2. HP: 26/26 MP: 1/1
   837 | D:2      | Reached skill level 4 in Polearms
   837 | D:2      | Reached XP level 3. HP: 31/31 MP: 2/2
   857 | D:2      | Reached skill level 5 in Polearms
  1079 | D:2      | Reached XP level 4. HP: 39/39 MP: 3/3
  1858 | D:3      | Noticed Terence
  1923 | D:3      | Killed Terence
  2042 | D:3      | Reached skill level 6 in Polearms
  2537 | D:3      | Reached XP level 5. HP: 36/45 MP: 4/4
  2613 | D:4      | Reached skill level 7 in Polearms
  2692 | D:4      | Noticed cheese's ghost (novice DsNe)
  2692 | D:4      | Reached XP level 6. HP: 32/51 MP: 5/5
  2714 | D:3      | Reached skill level 8 in Polearms
  2873 | D:4      | Found a deep blue altar of Sif Muna.
  3125 | D:5      | Entered Level 5 of the Dungeon
  3168 | D:5      | Found a burning altar of Makhleb.
  3169 | D:5      | Found a shimmering altar of Xom.
  3209 | D:5      | Reached skill level 9 in Polearms
  3252 | D:5      | Reached XP level 7. HP: 42/57 MP: 6/6
  3551 | D:5      | Reached skill level 10 in Polearms
  4328 | D:6      | Reached XP level 8. HP: 67/67 MP: 7/7
  4372 | D:6      | Reached skill level 5 in Fighting
  4378 | D:6      | Reached skill level 11 in Polearms
  4442 | D:6      | Noticed graemelion's ghost (novice GrEE)
  4468 | D:6      | Found a staircase to the Ecumenical Temple.
  4549 | Temple   | Entered the Ecumenical Temple
  4749 | Temple   | Became a worshipper of Hepliaklqana the Forgotten
  4783 | D:6      | Killed graemelion's ghost
  4953 | D:6      | Found a blossoming altar of Fedhas.
  5282 | D:4      | Killed cheese's ghost
  5310 | D:4      | Got a crude bronze ring
  5455 | D:4      | Found a stormy altar of Qazlal.
  5457 | D:4      | Found an opulent altar of Gozag.
  5457 | D:4      | Found a glowing golden altar of the Shining One.
  5607 | D:5      | Identified the ring "Qiut" {rCorr rElec MR++ MP-9 SInv} (You found it on level 4 of the Dungeon)
  5877 | D:7      | Reached skill level 12 in Polearms
  5995 | D:7      | Reached XP level 9. HP: 53/72 MP: 0/8
  6362 | D:7      | Found a bloodstained altar of Trog.
  6362 | D:7      | Found an iron altar of Okawaru.
  6398 | D:7      | Noticed cheese's ghost (novice MiBe)
  6429 | D:7      | Killed cheese's ghost
  6453 | D:7      | Reached * piety under Hepliaklqana
  6735 | D:7      | Reached skill level 13 in Polearms
  6779 | D:8      | Found a flagged portal.
  6846 | Bailey   | Entered a bailey
  6997 | D:8      | Reached skill level 1 in Staves
  7012 | D:8      | Reached skill level 10 in Fighting
  7143 | D:8      | Noticed an efreet
  7143 | D:8      | Noticed an unseen horror
  7145 | D:8      | Killed from afar by an efreet

Skill      XL: |  1  2  3  4  5  6  7  8  9 |
---------------+----------------------------+-----
Polearms       | 3 4 5 6 7 9 10 12 13 | 13.2
Fighting       | 4 7 10 | 10.1
Staves         | 2 |  2.5
Armour         | |  3.6
Shields        | |  3.6

Action                   |  1- 3 |  4- 6 |  7- 9 || total
-------------------------+-------+-------+-------++-------
Melee: Trident           |    69 |   124 |   252 ||   445
       Headbutt          |    10 |    22 |    45 ||    77
       Lajatang          |       |       |    34 ||    34
  Use: Scroll            |       |       |    16 ||    16
  Eat: Chunk             |     1 |     6 |    10 ||    17
       Pizza             |       |       |     1 ||     1
       Beef jerky        |       |       |     1 ||     1
Armor: Scale mail        |    17 |    25 |    89 ||   131
Dodge: Dodged            |    15 |    25 |    55 ||    95
Block: Shield            |    23 |    31 |    67 ||   121
